 Dungeon Crawl Stone Soup version 0.28.0-43-g3370ac3207 (webtiles) character file.

Game seed: 2742054268936832392

126 Acheron the Magician (level 4, 0/32 HPs)
             Began as a Demonspawn Hedge Wizard on Mar 11, 2022.
             Was a Plaything of Xom.
             Slain by an orc
             ... wielding a +0 flail
              (8 damage)
             ... on level 3 of the Dungeon.
             The game lasted 00:15:10 (3609 turns).

Acheron the Magician (Demonspawn Hedge Wizard)      Turns: 3609, Time: 00:15:18

Health: 0/32       AC:  3    Str: 10    XL:     4   Next: 84%
Magic:  8/8        EV: 11    Int: 18    God:    Xom [..*...]
Gold:   137        SH:  0    Dex: 12    Spells: 4/9 levels left

rFire   . . .      SeeInvis .   h - +0 war axe (flame)
rCold   . . .      Faith    .   (no shield)
rNeg    . . .      Spirit   .   i - +0 leather armour
rPois   .          Reflect  .   c - +0 hat
rElec   .          Harm     .   (no cloak)
rCorr   .          Rampage  .   (no gloves)
Will    .....                   (no boots)
Stlth   ++........              (no amulet)
HPRegen 0.10/turn               (no ring)
MPRegen 0.11/turn               (no ring)

@: no status effects
A: horns 1, demonic magic 1, weakness stinger 1
a: Renounce Religion


You were on level 3 of the Dungeon.
You worshipped Xom.
You were a toy of Xom.
You visited 1 branch of the dungeon, and saw 4 of its levels.

You collected 137 gold pieces.

Inventory:

Hand Weapons
 h - a +0 war axe of flaming (weapon)
Missiles
 d - 5 silver boomerangs (quivered)
Armour
 c - a +0 hat (worn)
 g - a +0 kite shield
 i - a +0 leather armour (worn)
Magical Staves
 k - a staff of fire
Jewellery
 j - a ring of ice
Scrolls
 l - 2 scrolls of teleportation
 m - a scroll of fear {unknown}
Potions
 a - a potion of heal wounds
 b - 3 potions of flight
 e - a potion of lignification
 f - a potion of curing


   Skills:
 * Level 1.1 Fighting
 + Level 0.1 Short Blades
 * Level 1.4 Axes
 * Level 1.3 Armour
 * Level 2.1 Dodging
 * Level 2.8 Stealth
 * Level 3.3 Spellcasting
 * Level 1.7 Conjurations
 + Level 1.0 Summonings
 + Level 0.8 Translocations


You had 4 spell levels left.
You knew the following spells:

 Your Spells              Type           Power      Damage    Failure   Level
a - Magic Dart            Conj           36%        1d4       10%         1
b - Beastly Appendage     Tmut           4%         N/A       22%         1
c - Call Imp              Summ           6%         N/A       21%         2
d - Pain                  Necr           8%         1d4       22%         1

Your spell library contained the following spells:

 Spells                   Type           Power      Damage    Failure   Level
 Animate Skeleton         Necr           4%         N/A       22%         1
 Slow                     Hex            8%         N/A       22%         1
 Blink                    Tloc           12%        N/A       22%         2
 Wereblood                Tmut           2%         N/A       32%         2
 Conjure Flame            Conj/Fire      6%         6-21      41%         3
 Mephitic Cloud           Conj/Pois/Air  5%         N/A       45%         3
 Spider Form              Tmut/Pois      2%         N/A       54%         3
 Vampiric Draining        Necr           2%         2d6       54%         3


Dungeon Overview and Level Annotations

Branches:
Dungeon (4/15)             Temple (0/1) D:4

Altars:
Dithmenos
Xom

Shops:
D:3 (

Annotations:
D:2 exclusion: downstairs
D:3 Ijyb


Innate Abilities, Weirdness & Mutations

You have a pair of small horns on your head.
Spells you cast may paralyse adjacent enemies.
You have a small tail.


Message History

You enter the shallow water.
Moving in this stuff is going to be slow.
l - 2 scrolls of teleportation (gained 1)
An orc comes into view. It is wielding a +0 trident.
There is a stone staircase leading up here.
You see here a +0 ring mail.
A quokka comes into view.
The quokka closely misses you.
You closely miss the quokka. Your headbutt misses the quokka.
The quokka twitches its whiskers.
The quokka bites you but does no damage. x2
You closely miss the quokka.
The quokka bites you but does no damage.
You slash the quokka! You burn the quokka.
You kill the quokka!
You see here a quokka corpse.
A giant cockroach comes into view.
You slash the giant cockroach! You burn the giant cockroach.
You kill the giant cockroach!
Found a short sword.
An orc comes into view. It is wielding a +0 flail.
The orc hits you with a +0 flail!
You closely miss the orc. The orc hits you with a +0 flail.
You completely miss the orc. Your headbutt misses the orc.
The orc hits you with a +0 flail. x2
You closely miss the orc. The orc barely misses you.
You hit the orc. You burn the orc.
You tail-slap the orc, but do no damage.
The orc is severely wounded.
The orc closely misses you. The orc misses you.
You barely miss the orc.
The orc is severely wounded.
The orc barely misses you.
You barely miss the orc.
Your tail-slap misses the orc.
The orc is severely wounded.
The orc hits you with a +0 flail.
* * * LOW HITPOINT WARNING * * *
The orc hits you with a +0 flail!
You die... "What!?
That's it?"

##.## #.# #.# #...# #.#
#.# #...#
#.####.######.#
#...######..............
#....†.....####.########
..........#.# #.#
#########.#.# #.# #
..#.. #.# #. #######.
#@# g###.### .##o#
.≈....# ##.# ≈....# #.#
### ....# ..# ..# #...#
### ..### #!..# ....#
#...# ...####.#######


You could see an orc.

Vanquished Creatures
  A hound skeleton (D:4)
  5 adders
  An ufetubus (D:3)
  A worm (D:3)
  3 dart slugs
  3 endoplasms (D:1)
  5 giant cockroaches
  4 goblins
  2 hobgoblins
  4 jackals (D:2)
  2 quokkas (D:3)
  7 ball pythons
  5 bats
  5 frilled lizards
  4 kobolds
  5 rats
57 creatures vanquished.

Notes
Turn   | Place    | Note
-------+----------+-------------------------------------------
     0 | D:1      | Acheron the Demonspawn Hedge Wizard began the quest for the
                  | Orb.
     0 | D:1      | Reached XP level 1. HP: 13/13 MP: 4/4
   343 | D:1      | Learned a level 1 spell: Beastly Appendage
   844 | D:1      | Gained mutation: Spells you cast may paralyse adjacent
                  | enemies. [demonic ancestry]
   844 | D:1      | Reached XP level 2. HP: 19/19 MP: 4/6
  1432 | D:2      | Discovered your monstrous ancestry.
  1432 | D:2      | Gained mutation: You have a pair of small horns on your
                  | head. [demonic ancestry]
  1432 | D:2      | Reached XP level 3. HP: 5/25 MP: 2/7
  2256 | D:2      | Found a shadowy altar of Dithmenos.
  2384 | D:2      | Reached skill level 1 in Axes
  2391 | D:2      | HP: 1/25 [constriction (1)]
  2397 | D:2      | Gained mutation: You have a small tail. [demonic ancestry]
  2397 | D:2      | Reached XP level 4. HP: 24/31 MP: 8/8
  2562 | D:2      | Learned a level 2 spell: Call Imp
  2564 | D:2      | Learned a level 1 spell: Pain
  2741 | D:2      | Reached skill level 1 in Fighting
  2971 | D:3      | Noticed Ijyb
  3119 | D:3      | Found a faded altar of an unknown god.
  3137 | D:3      | Prayed at the altar of an unknown god.
  3137 | D:3      | Became a worshipper of Xom of Chaos
  3174 | D:4      | XOM: potion effect (haste)
  3179 | D:4      | Reached skill level 1 in Armour
  3223 | D:4      | XOM: cast spell 'Olgreb's Toxic Radiance'
  3249 | D:4      | Found a staircase to the Ecumenical Temple.
  3280 | D:3      | XOM: silly message
  3411 | D:3      | Found Dawk's Antique Weapon Emporium.
  3609 | D:3      | Slain by an orc

Illustrated notes

Levels and vault maps discovered:
D:1:      tarquinn_simple_flora_water_b, layout_basic
D:2:      layout_loops_cross, basic_altar, mrwooster_statue_mirror,
          minmay_shallow_snake_nest
D:3:      layout_basic, serial_shops, nicolae_shop_crystal, serial_rivers,
          chequers_serial_rivers_micro_c, chequers_serial_rivers_micro_d,
          chequers_serial_rivers_micro_b, chequers_serial_rivers_micro_a,
          chequers_serial_rivers_small_b, shapermc_ecumenical_altar_venn,
          uniq_ijyb
D:4:      layout_loops_ring, lemuel_round_altar, bloody_makhleb,
          minmay_temple_entry_waves

Skill      XL: |  1  2  3  4 |
---------------+-------------+-----
Stealth        | 2 |  2.8
Dodging        | 2 |  2.1
Axes           | 1 |  1.4
Fighting       | 1 |  1.1
Armour         | 1 |  1.3
Short Blades   | |  0.1
Spellcasting   | |  3.3
Conjurations   | |  1.7
Summonings     | |  1.0
Translocations | |  0.8

Action                   |  1- 3 |  4- 6 || total
-------------------------+-------+-------++-------
Melee: Dagger            |    24 |       ||    24
       Punch             |     3 |     1 ||     4
       Headbutt          |     6 |     5 ||    11
       Kick              |     1 |       ||     1
       War axe           |    76 |    48 ||   124
       Tailslap          |       |     5 ||     5
 Cast: Magic Dart        |    20 |       ||    20
       Beastly Appendage |     5 |       ||     5
  Use: Potion            |     3 |       ||     3
       Scroll            |     1 |     2 ||     3
 Stab: Sleeping          |     5 |       ||     5
Armor: Robe              |     2 |       ||     2
       Leather armour    |    41 |    14 ||    55
Dodge: Dodged            |    61 |    46 ||   107
